AoeStats
← Ken

Arabia

508215240Analyzed
4v4 RM · 11d ago on Sep 21, 2026· 47m 57s· 8 players
Game mode
Random Map
Map size
Large (8 player)
Population
200
Speed
Normal
Resources
Standard
Victory
Conquest
Starting age
Dark Age
Ending age
Imperial Age
RankedLock teamsTeams togetherTeam positionsShared explorationLock speedFull tech treeHidden civsTurbo modeCheats
Victory
Defeat
🇨🇳 Poles · China
1110
+12
🇨🇳 Franks · China
1087
+13
🇫🇮 Koreans · Finland
1082
+32
🇨🇴 Muisca · Colombia
1068
+14
🇹🇼 Portuguese · Taiwan
1124
-17
🇹🇼 Burgundians · Taiwan
1000
-38
🇹🇼 Dravidians · Taiwan
991
-12
🇹🇼 Persians · Taiwan
961
-11
Lakupiippu
2:55 Loom
11:18 Feudal Age
16:00 Castle Age
14:06 Horse Collar
16:02 Fletching
21:38 Bodkin Arrow
24:40 Wheelbarrow
27:00 Stone Mining
27:50 Hand Cart
34:47 Imperial Age
32:56 Double-Bit Axe
34:25 Ballistics
35:31 Bracer
36:37 Chemistry
36:40 Conscription
36:47 Treadmill Crane
40:39 Stone Shaft Mining
42:40 Town Watch
43:39 Masonry
45:50 Scale Barding Armor
46:58 Architecture
46:28 Murder Holes
46:16 Elite War Wagon
Ken
10:13 Feudal Age
12:59 Double-Bit Axe
18:34 Castle Age
19:29 Scale Barding Armor
19:21 Stone Mining
20:39 Husbandry
20:44 Light Cavalry
26:01 Loom
26:36 Gold Mining
29:54 Wheelbarrow
34:59 Imperial Age
34:58 Fletching
35:29 Chain Barding Armor
35:20 Forging
36:04 Conscription
37:51 Plate Barding Armor
38:29 Cavalier
42:23 Caravan
43:13 Paladin
47:15 Iron Casting
Antinomy
5:17 Loom
10:13 Feudal Age
12:18 Double-Bit Axe
12:15 Horse Collar
16:43 Scale Barding Armor
20:14 Bloodlines
21:05 Forging
25:20 Castle Age
23:41 Gold Mining
24:36 Stone Mining
27:47 Chain Barding Armor
27:41 Szlachta Privileges
27:12 Light Cavalry
29:32 Iron Casting
30:29 Heavy Plow
31:01 Husbandry
34:51 Bow Saw
37:12 Wheelbarrow
37:22 Stone Shaft Mining
38:12 Murder Holes
38:37 Ballistics
38:28 Masonry
42:09 Imperial Age
40:34 Hand Cart
42:13 Cavalier
43:55 Blast Furnace
43:41 Fletching
44:48 Conscription
45:34 Crop Rotation
44:56 Treadmill Crane
45:22 Siege Engineers
46:18 Chemistry
47:14 Fervor
larrery
6:13 Loom
9:45 Feudal Age
10:16 Double-Bit Axe
17:31 Gold Mining
21:00 Castle Age
19:42 Stone Mining
22:04 Fletching
22:15 Padded Archer Armor
23:08 Horse Collar
27:15 Bodkin Arrow
28:02 Town Watch
28:31 Bow Saw
33:31 Fervor
33:22 Crossbowman
35:09 Herbalism
35:45 Ballistics
36:42 Heavy Plow
38:09 Sanctity
38:47 Thumb Ring
39:12 Leather Archer Armor
44:28 Imperial Age
42:37 Wheelbarrow
42:10 Treadmill Crane
43:49 Gold Shaft Mining
44:28 Scale Mail Armor
47:10 Hand Cart
47:57 Chemistry
47:12 Bracer
47:55 Conscription
47:50 Arbalester
ray131326
7:06 Loom
10:42 Feudal Age
11:37 Double-Bit Axe
19:57 Horse Collar
26:37 Stone Mining
26:39 Gold Mining
34:01 Castle Age
34:15 Crossbowman
34:15 Elite Skirmisher
37:13 Fletching
39:15 Padded Archer Armor
39:13 Bodkin Arrow
39:18 Padded Archer Armor
41:13 Pikeman
43:34 Scale Mail Armor
43:45 Forging
bella850505
6:22 Loom
11:58 Feudal Age
11:54 Double-Bit Axe
11:58 Horse Collar
17:17 Heavy Plow
17:32 Bow Saw
17:16 Gold Mining
17:43 Scale Barding Armor
17:49 Forging
21:32 Stone Mining
28:08 Castle Age
26:26 Scale Mail Armor
26:19 Fletching
28:26 Padded Archer Armor
34:06 Chain Barding Armor
33:55 Husbandry
33:58 Squires
33:45 Arson
35:16 Two-Man Saw
45:50 Pikeman
Mimo
7:11 Loom
9:31 Feudal Age
10:56 Double-Bit Axe
14:23 Fletching
17:10 Horse Collar
24:26 Castle Age
24:24 Town Watch
25:09 Bodkin Arrow
24:36 Crossbowman
26:40 Bow Saw
27:10 Thumb Ring
27:37 Pikeman
28:03 Gambesons
30:51 Stone Mining
31:09 Scale Mail Armor
34:50 Imperial Age
34:20 Padded Archer Armor
35:39 Ballistics
36:14 Siege Engineers
38:04 Masonry
39:54 Arbalester
Hung97
10:51 Feudal Age
9:09 Loom
17:17 Castle Age
16:48 Double-Bit Axe
16:48 Horse Collar
18:24 Scale Barding Armor
21:31 Bow Saw
21:17 Pikeman
22:55 Heavy Plow
24:36 Wheelbarrow
24:27 Gold Mining
25:53 Bloodlines
26:16 Stone Mining
28:08 Chain Barding Armor
29:10 Forging
29:25 Town Watch
32:55 Hand Cart
32:42 Town Patrol
34:25 Stone Shaft Mining
37:28 Imperial Age
35:12 Masonry
36:01 Gold Shaft Mining
37:22 Iron Casting
37:31 Cavalier
39:27 Plate Barding Armor
39:28 Husbandry
40:10 Savar
41:52 Blast Furnace
42:43 Conscription
42:24 Kamandaran
42:32 Crossbowman
43:46 Thumb Ring
44:49 Two-Man Saw
43:52 Fletching
44:03 Padded Archer Armor
Connection lost

Rejoining the realm…

Still unreachable

The connection could not be restored.

Session expired

The server has moved on; the page needs a fresh start.